[Event "Titled Tuesday Blitz April 12 Late 2022"]
[White "Senthilkumar, Pranav"]
[Black "Mirzoev, Azer"]
[WhiteFideId "2083477"]
[BlackFideId "13400304"]
[WhiteElo "2399"]
[BlackElo "2525"]
[Result "0-1"]
[Round "11"]
[TimeControl "180+1"]
[Date "2022.04.13"]
[WhiteClock "0:01:26"]
[BlackClock "0:02:03"]

1. Nf3 c5 2. e4 d6 3. d4 cxd4 4. Nxd4 Nf6 5. Nc3 a6 6. Be3 b5 7. Bd3 Bb7 8. a3 Nbd7 9. O-O e6 10. Nce2 Nxe4 11. Ng3 Nxg3 12. fxg3 Ne5 13. Bf4 Be7 14. Bxe5 dxe5 15. Nxe6 Qb6+ 16. Kh1 Qxe6 17. Bf5 Qd5 18. Qe2 O-O 19. Rad1 Qc6 20. Rd7 Bf6 21. Rfd1 Rad8 22. R1d6 Qxd6 23. Rxd6 Rxd6 24. h3 Rfd8 25. Be4 Bxe4 26. Qxe4 g6 27. g4 h6 28. Qb7 Kg7 29. b3 Re6 30. Qe4 Rd4 31. Qe2 e4 32. c3 Rd3 33. c4 Rxb3 34. c5 Rc3 0-1


[Site "https://www.chess.com"]

[Event "Titled Tuesday Blitz April 12 Late 2022"]
[White "Shimanov, Aleksandr"]
[Black "Korchmar, Vasiliy"]
[WhiteFideId "4198603"]
[BlackFideId "24131750"]
[WhiteElo "2636"]
[BlackElo "2370"]
[Result "1-0"]
[Round "11"]
[TimeControl "180+1"]
[Date "2022.04.12"]
[WhiteClock "0:01:51"]
[BlackClock "0:00:07"]

1. d4 d5 2. Nc3 Nf6 3. Bf4 a6 4. e3 b5 5. h4 e6 6. g4 Bb4 7. Bd3 Bb7 8. g5 Ne4 9. Bxe4 dxe4 10. Ne2 Nd7 11. a3 Bd6 12. Rg1 O-O 13. Bxd6 cxd6 14. Ng3 f5 15. gxf6 Nxf6 16. Nh5 Nxh5 17. Qxh5 Rc8 18. Rg2 Rf5 19. Qg4 Qf6 20. O-O-O h5 21. Qg3 d5 22. Rdg1 1-0


[Site "https://www.chess.com"]

[Event "Titled Tuesday Blitz April 12 Late 2022"]
[White "Simonovic, Miroslav"]
[Black "Khabinets, Ivan"]
[WhiteFideId "919152"]
[BlackFideId "14115980"]
[WhiteElo "2043"]
[BlackElo "2114"]
[Result "0-1"]
[Round "11"]
[TimeControl "180+1"]
[Date "2022.04.13"]
[WhiteClock "0:00:08"]
[BlackClock "0:01:50"]

1. d4 d5 2. Bg5 Nf6 3. Bxf6 gxf6 4. e3 c5 5. c4 dxc4 6. Bxc4 Nc6 7. dxc5 Qa5+ 8. Nd2 Qxc5 9. a3 e6 10. b4 Qg5 11. Be2 Bd7 12. Bf3 Rd8 13. Qc2 Be7 14. Ne2 Rc8 15. Qb2 b6 16. O-O O-O 17. Rfd1 Rfd8 18. Rac1 Ne5 19. Ng3 Nd3 20. Rxc8 Nxb2 21. Rxd8+ Bxd8 22. Nde4 Qb5 23. Be2 Nxd1 24. Bxb5 Bxb5 25. Nd6 Bd7 26. Nge4 f5 27. Nd2 Be7 28. N6c4 Nc3 29. f3 Bb5 30. Kf2 Bxc4 31. Nxc4 Kf8 32. Ne5 Ke8 33. Nc6 Kd7 34. Nxa7 Kc7 35. b5 Bxa3 36. g4 fxg4 37. fxg4 Kb7 38. Nc6 Kc7 39. Ne5 f6 40. Nf7 Nxb5 41. g5 fxg5 42. Nxg5 Kd6 43. Nxh7 Nc7 44. Ng5 b5 45. Ke2 Nd5 46. Kd3 Bc1 47. e4 Bxg5 48. exd5 Kxd5 49. Kc3 Bh4 50. Kb4 e5 51. Kxb5 e4 52. Kb4 Kd4 53. Kb3 Kd3 54. h3 Kd2 55. Kb4 e3 56. Kc5 e2 0-1


[Site "https://www.chess.com"]

[Event "Titled Tuesday Blitz April 12 Late 2022"]
[White "Stelmaszyk, Nico"]
[Black "Barria Zuniga, Daniel"]
[WhiteFideId "16200462"]
[BlackFideId "3400816"]
[WhiteElo "2119"]
[BlackElo "2414"]
[Result "1/2-1/2"]
[Round "11"]
[TimeControl "180+1"]
[Date "2022.04.13"]
[WhiteClock "0:00:43"]
[BlackClock "0:00:28"]

1. e4 g6 2. d4 Bg7 3. c3 d5 4. e5 c5 5. Nf3 Nc6 6. Bb5 Nh6 7. O-O O-O 8. Re1 Bg4 9. Bxc6 bxc6 10. Nbd2 cxd4 11. cxd4 a5 12. h3 Bxf3 13. Nxf3 a4 14. Qc2 Qb6 15. Bg5 f6 16. exf6 exf6 17. Bxh6 Bxh6 18. Re6 Rac8 19. b3 axb3 20. axb3 Kf7 21. Rae1 Rfe8 22. Qe2 Qd8 23. Rxe8 Qxe8 24. Qxe8+ Rxe8 25. Rxe8 Kxe8 26. Kf1 Kd7 27. Ke1 Bf8 28. Kd2 Bd6 29. Kd3 Ke6 30. Ng1 h5 31. Ne2 g5 32. f3 h4 33. Ke3 Kf5 34. Nc3 Ke6 35. Na4 Kd7 36. Nb2 Kc7 37. Nd3 Kb6 38. Kd2 Kb5 39. Kc3 Bg3 40. Nc5 Bd6 41. Nd7 Bb4+ 42. Kd3 Be7 43. Kc3 Bb4+ 44. Kc2 Be7 45. Kd3 Kb4 46. Kc2 Kb5 47. Kc3 Bb4+ 1/2-1/2


[Site "https://www.chess.com"]

[Event "Titled Tuesday Blitz April 12 Late 2022"]
[White "Svane, Rasmus"]
[Black "Matlakov, Maxim"]
[WhiteFideId "4657101"]
[BlackFideId "4168003"]
[WhiteElo "2645"]
[BlackElo "2669"]
[Result "0-1"]
[Round "11"]
[TimeControl "180+1"]
[Date "2022.04.12"]
[WhiteClock "0:00:01"]
[BlackClock "0:00:09"]

1. Nf3 Nf6 2. g3 d5 3. Bg2 e6 4. O-O Be7 5. c4 O-O 6. b3 d4 7. e3 c5 8. Ne5 Qc7 9. f4 Nfd7 10. Nd3 Nc6 11. Na3 a6 12. Nc2 Rd8 13. Bb2 Bf6 14. e4 Rb8 15. e5 Be7 16. Rc1 b5 17. Na3 Qb6 18. Qe2 Bb7 19. f5 Bf8 20. fxe6 fxe6 21. Rce1 Re8 22. Qf2 Kh8 23. Be4 Nb4 24. Nf4 Be7 25. Qf3 Bxe4 26. Rxe4 Rf8 27. Qg4 g6 28. Ree1 Rf5 29. Nxg6+ hxg6 30. Qxg6 Rg5 31. Qh6+ Kg8 32. Re4 Rg7 33. Rff4 Rf8 34. Rg4 Rf7 35. Ref4 Bf8 36. Qh5 Rxf4 37. Rxf4 Nd3 38. Rf1 N7xe5 39. Qe8 Rf7 40. Rxf7 Nxf7 41. Nc2 Nxb2 42. Ne1 Qd8 43. Qxe6 Qe7 44. Qg4+ Bg7 45. Nf3 Nd3 46. Kg2 Qe2+ 0-1


[Site "https://www.chess.com"]

[Event "Titled Tuesday Blitz April 12 Late 2022"]
[White "Swicarz, Maciej"]
[Black "Tanenbaum, Zachary"]
[WhiteFideId "1113585"]
[BlackFideId "2060850"]
[WhiteElo "2057"]
[BlackElo "2168"]
[Result "0-1"]
[Round "11"]
[TimeControl "180+1"]
[Date "2022.04.12"]
[WhiteClock "0:00:34"]
[BlackClock "0:00:07"]

1. e4 e5 2. Nf3 Nc6 3. c3 Nf6 4. d4 Nxe4 5. d5 Bc5 6. dxc6 Bxf2+ 7. Ke2 Bb6 8. Qd5 O-O 9. Qxe4 bxc6 10. Be3 d5 11. Qh4 Qd6 12. Bxb6 axb6 13. Nbd2 f5 14. g3 e4 15. Ne1 f4 16. Bh3 f3+ 17. Nexf3 exf3+ 18. Nxf3 Bxh3 19. Qxh3 Rae8+ 20. Kd2 Rxf3 21. Rae1 Rf2+ 22. Kc1 Re4 23. Rhf1 Rxe1+ 24. Rxe1 h6 25. Qh5 Qf6 26. Re2 Rxe2 27. Qxe2 Kf7 28. Qh5+ Qg6 29. Qf3+ Ke7 30. h4 Qe4 31. Qf2 Ke6 32. b3 c5 33. a4 d4 34. cxd4 cxd4 35. Kd2 c5 36. Qf8 Qe3+ 37. Kd1 Qxb3+ 38. Ke2 Qc2+ 39. Kf3 Qf5+ 0-1


[Site "https://www.chess.com"]

[Event "Titled Tuesday Blitz April 12 Late 2022"]
[White "Tregubov, Pavel V."]
[Black "Pesotskiy, Mikhail"]
[WhiteFideId "4115341"]
[BlackFideId "34164453"]
[WhiteElo "2341"]
[BlackElo "2010"]
[Result "1-0"]
[Round "11"]
[TimeControl "180+1"]
[Date "2022.04.12"]
[WhiteClock "0:00:18"]
[BlackClock "0:00:02"]

1. e4 e6 2. d4 d5 3. exd5 exd5 4. Nf3 Bd6 5. c4 Nf6 6. c5 Be7 7. Bd3 b6 8. Be3 O-O 9. O-O Re8 10. Nc3 Nbd7 11. b4 a5 12. a3 Nf8 13. Ne5 Bd7 14. f4 Ng6 15. Qf3 axb4 16. axb4 bxc5 17. bxc5 c6 18. h3 Nh4 19. Qg3 Rxa1 20. Rxa1 Ng6 21. Ra7 Nf8 22. f5 Qb8 23. Ra2 Qb3 24. Bd2 Ne4 25. Bxe4 dxe4 26. Bh6 Bf6 27. Bxg7 Bxg7 28. f6 Ng6 29. Nxd7 Bh6 30. Re2 e3 31. Qe1 Rd8 32. Ne5 Rxd4 33. Ng4 Bg5 34. Nxe3 Rd3 35. Ng4 Qxc3 36. Re8+ Nf8 37. Rxf8+ Kxf8 38. Qe7+ Kg8 39. Qe8# 1-0


[Site "https://www.chess.com"]

[Event "Titled Tuesday Blitz April 12 Late 2022"]
[White "Urazayev, Arystanbek"]
[Black "Lin, Dachey"]
[WhiteFideId "13709810"]
[BlackFideId "2029650"]
[WhiteElo "2422"]
[BlackElo "2313"]
[Result "1-0"]
[Round "11"]
[TimeControl "180+1"]
[Date "2022.04.12"]
[WhiteClock "0:00:07"]
[BlackClock "0:00:10"]

1. d4 g6 2. c4 Bg7 3. Nc3 c5 4. d5 Bxc3+ 5. bxc3 f5 6. g4 Nf6 7. gxf5 gxf5 8. e4 Qa5 9. Bg2 Rg8 10. Bf3 fxe4 11. Bh5+ Kd8 12. d6 Nxh5 13. dxe7+ Kxe7 14. Qxh5 Qxc3+ 15. Ke2 Qxc4+ 16. Kd1 Qd4+ 17. Kc2 Qxa1 18. Bb2 Qxa2 19. Qxh7+ Qf7 20. Qxe4+ Qe6 21. Qh4+ Kd6 22. Nf3 Qf5+ 23. Kc1 Nc6 24. Qc4 Rg4 25. Qe2 Kc7 26. Rd1 d6 27. h3 Re4 28. Qd3 Rd4 29. Nxd4 Qxd3 30. Rxd3 cxd4 31. h4 Bf5 32. Rf3 Be4 33. Rf4 d5 34. f3 Bd3 35. Kd2 Bc4 36. Ba3 Re8 37. Bc5 Re2+ 38. Kd1 Rh2 39. Rf7+ Kc8 40. Rh7 b6 41. Bd6 d3 42. Bxh2 Nd4 43. h5 Nxf3 44. Bf4 Bb3+ 45. Kc1 Nd4 46. Kd2 Ne6 47. Be3 d4 48. Bf2 Bd5 49. h6 Be4 50. Re7 Ng5 51. Ke1 Nf3+ 52. Kd1 Ng5 53. Rxe4 Nxe4 54. h7 Nxf2+ 55. Kd2 Ne4+ 56. Kxd3 Nc5+ 57. Kc4 d3 58. h8=Q+ Kb7 59. Kb5 a6+ 60. Kc4 Kc6 61. Qf6+ Kb7 62. Qg7+ Kc6 63. Qh6+ Kb7 64. Kd5 a5 65. Kc4 Ka6 66. Qc6 1-0


[Site "https://www.chess.com"]

[Event "Titled Tuesday Blitz April 12 Late 2022"]
[White "Wagner, Dennis"]
[Black "Bryakin, Mikhail"]
[WhiteFideId "24650684"]
[BlackFideId "4165314"]
[WhiteElo "2355"]
[BlackElo "2417"]
[Result "1-0"]
[Round "11"]
[TimeControl "180+1"]
[Date "2022.04.12"]
[WhiteClock "0:00:09"]
[BlackClock "0:00:08"]

1. d4 Nf6 2. Nf3 b5 3. e4 Nxe4 4. Bxb5 Bb7 5. O-O g6 6. Re1 Bg7 7. Bd3 Nf6 8. c3 O-O 9. Bf4 d6 10. Nbd2 Nbd7 11. Qe2 Re8 12. Ba6 Qc8 13. Bxb7 Qxb7 14. Nc4 c5 15. Bg3 cxd4 16. Nxd4 Rac8 17. Na5 Qb6 18. Qb5 e5 19. Nc4 Qxb5 20. Nxb5 Rxc4 21. Nxd6 Rcc8 22. Nxc8 Rxc8 23. Bxe5 Nxe5 24. Rxe5 Rc7 25. Rd1 h5 26. h3 Bh6 27. a4 Bf4 28. Rb5 h4 29. Rd4 g5 30. Rd8+ Kg7 31. g3 hxg3 32. fxg3 Bc1 33. Rd1 Be3+ 34. Kg2 Kg6 35. Rd6 Bc1 36. Kf3 g4+ 37. hxg4 Re7 38. Rf5 Bg5 39. Ra6 Re3+ 40. Kf2 Rd3 41. Raa5 Ne4+ 42. Ke2 Re3+ 43. Kd1 f6 44. Rxa7 Rxg3 45. Rd5 Rxg4 46. Kc2 Rg2+ 47. Kb3 Nd2+ 48. Ka2 Ne4 49. Rd8 Nxc3+ 50. Kb3 Ne4 51. Rg8+ Kf5 52. Rb8 Be3 53. Rb5+ Kf4 54. Ra8 f5 55. Rf8 Nd6 56. Rd5 Rd2 57. Rxd2 Bxd2 58. Rd8 Ke5 59. Kc2 Bb4 60. Rb8 Be1 61. b4 f4 62. Kd1 Bc3 63. Ke2 Ke4 64. a5 f3+ 65. Kf1 Bd4 66. a6 Kd5 67. b5 Nc4 68. Rd8+ Kc5 69. a7 Nb6 70. Rb8 f2 71. Rxb6 Kxb6 72. a8=Q Kxb5 73. Qe4 Kc4 74. Qe2+ Kc5 75. Qf3 Kc4 76. Ke2 Bc5 77. Qf4+ Kd5 78. Kd3 Bb6 79. Qf5+ Kc6 80. Kc4 Kb7 81. Qf6 Be3 82. Kb5 Kc7 83. Qe7+ Kb8 84. Kc6 Ka8 85. Qb7# 1-0


[Site "https://www.chess.com"]

[Event "Titled Tuesday Blitz April 12 Late 2022"]
[White "Winkels, Marcel"]
[Black "Novikova, Galina"]
[WhiteFideId "1003887"]
[BlackFideId "4157095"]
[WhiteElo "1900"]
[BlackElo "1863"]
[Result "0-1"]
[Round "11"]
[TimeControl "180+1"]
[Date "2022.04.13"]
[WhiteClock "0:00:01"]
[BlackClock "0:00:54"]

1. e4 e6 2. d4 d5 3. Nc3 Bb4 4. Qd3 dxe4 5. Qxe4 Nf6 6. Qh4 Nc6 7. Nf3 h6 8. Bb5 Bd7 9. O-O Qe7 10. a3 Bd6 11. Bxc6 Bxc6 12. Ne5 Bd7 13. Ne4 Bxe5 14. dxe5 Nxe4 15. Qxe4 Bc6 16. Qg4 O-O-O 17. Be3 Kb8 18. Rad1 g5 19. Qc4 Rxd1 20. Rxd1 Rd8 21. Rxd8+ Qxd8 22. Qd4 Qxd4 23. Bxd4 Kc8 24. f3 Kd7 25. h3 Bb5 26. Be3 Kc6 27. h4 gxh4 28. Bxh6 Kd5 29. f4 Ke4 30. Kh2 Be2 31. Kh3 Bd1 32. c3 Kd3 33. Kxh4 Kc2 34. Kg5 Kxb2 35. g4 Kxc3 36. f5 c5 37. Kf4 Kb3 38. Bf8 c4 39. fxe6 fxe6 40. g5 Bc2 41. Kg4 Bg6 42. Kf4 c3 43. Ke3 c2 44. Kd2 Kb2 0-1


[Site "https://www.chess.com"]

[Event "Titled Tuesday Blitz April 12 Late 2022"]
[White "Xiong, Jeffery"]
[Black "Caruana, Fabiano"]
[WhiteFideId "2047640"]
[BlackFideId "2020009"]
[WhiteElo "2727"]
[BlackElo "2744"]
[Result "1-0"]
[Round "11"]
[TimeControl "180+1"]
[Date "2022.04.12"]
[WhiteClock "0:00:36"]
[BlackClock "0:00:24"]

1. e4 e5 2. Nf3 Nc6 3. Bc4 Bc5 4. c3 Nf6 5. d4 exd4 6. e5 d5 7. Be2 Ne4 8. cxd4 Bb6 9. O-O O-O 10. Nc3 Be6 11. Be3 f6 12. Na4 fxe5 13. Nxe5 Nxe5 14. Nxb6 axb6 15. dxe5 c5 16. Bd3 Qe7 17. Qc1 h6 18. f3 Ng5 19. Qc2 d4 20. Bd2 c4 21. Bxc4 Rfc8 22. Bxe6+ Qxe6 23. Qd1 Rxa2 24. Rxa2 Qxa2 25. Bxg5 hxg5 26. Qxd4 Qe6 27. Re1 b5 28. h3 Kh7 29. Qd3+ Kh6 30. Qxb5 Rc2 31. Qxb7 Qc4 32. Qe4 Qb3 33. e6 Qxb2 34. Qxc2 Qxc2 35. e7 1-0


[Site "https://www.chess.com"]

[Event "Titled Tuesday Blitz April 12 Late 2022"]
[White "Xu, Yi"]
[Black "Dimakiling, Oliver"]
[WhiteFideId "8605564"]
[BlackFideId "5202248"]
[WhiteElo "2471"]
[BlackElo "2426"]
[Result "1-0"]
[Round "11"]
[TimeControl "180+1"]
[Date "2022.04.12"]
[WhiteClock "0:00:03"]
[BlackClock "0:00:20"]

1. e4 g6 2. d4 Bg7 3. Nc3 d6 4. f4 a6 5. Nf3 Bg4 6. Be2 Nc6 7. Be3 e5 8. fxe5 Bxf3 9. Bxf3 dxe5 10. d5 Nd4 11. O-O Ne7 12. Ne2 Nxf3+ 13. Rxf3 O-O 14. c4 b6 15. Nc3 f5 16. Qe2 f4 17. Bf2 g5 18. Rd3 Rf6 19. c5 bxc5 20. Bxc5 Nc8 21. Qg4 Rg6 22. Rad1 Nd6 23. Bxd6 cxd6 24. Na4 Qa5 25. b3 Qb4 26. Qe2 g4 27. Rc3 f3 28. Qc4 Qa3 29. Rc2 Rf8 30. g3 Bh6 31. Kf2 Bg5 32. Rh1 h5 33. h4 Bd8 34. Rd1 Rg7 35. Qxa6 Qb4 36. Rc4 Qb8 37. Rc8 Qb4 38. Rc4 Qa3 39. Rc2 Rc7 40. Qd3 Qb4 41. Rxc7 Bxc7 42. Rc1 Bb6+ 43. Kf1 f2 44. Qc4 Qd2 45. Nxb6 Qe3 46. Nd7 Qxg3 47. Nxf8 Qg1+ 48. Ke2 Qg2 49. Rf1 Qf3+ 50. Kd2 g3 51. Qe2 Qxf8 52. Qe3 Qg7 53. Ke2 Qg4+ 54. Qf3 Qxh4 55. Qg2 Kh7 56. a4 Qf4 57. a5 h4 58. a6 Qg4+ 59. Qf3 Qc8 60. Rh1 Qc2+ 61. Kf1 Qb1+ 62. Kg2 f1=Q+ 63. Qxf1 Qa2+ 64. Kh3 1-0


[Site "https://www.chess.com"]

[Event "Titled Tuesday Blitz April 12 Late 2022"]
[White "Zherebtsova, Alexandra"]
[Black "Lewtak, Damian"]
[WhiteFideId "24129518"]
[BlackFideId "1141724"]
[WhiteElo "2025"]
[BlackElo "2362"]
[Result "0-1"]
[Round "11"]
[TimeControl "180+1"]
[Date "2022.04.13"]
[WhiteClock "0:00:02"]
[BlackClock "0:01:41"]

1. d4 d5 2. Nf3 Nf6 3. c4 c6 4. e3 Bf5 5. Nbd2 e6 6. Be2 Nbd7 7. Nh4 Bg6 8. Nxg6 hxg6 9. b3 Bd6 10. h3 g5 11. Bb2 a5 12. a3 a4 13. b4 Qe7 14. Qc2 g4 15. h4 g3 16. f4 dxc4 17. Nxc4 Nd5 18. Qd3 Bc7 19. h5 f5 20. Ne5 Bxe5 21. fxe5 b5 22. O-O-O Qg5 23. Kd2 f4 24. Bf3 fxe3+ 25. Kc2 N7b6 26. Qg6+ Qxg6+ 27. hxg6 Ke7 28. Bc1 Rh2 29. Rhg1 Nc4 30. Kd3 Rf8 31. Rdf1 Nf4+ 32. Ke4 Nd5 33. Kd3 Rf5 34. Bxd5 Rxf1 35. Rxf1 cxd5 36. Rf7+ Ke8 37. Rxg7 Rxg2 38. Ra7 Kf8 39. Bxe3 Nxe3 40. Kxe3 Ra2 41. g7+ Kg8 42. Kf3 g2 0-1


[Site "https://www.chess.com"]

[Event "Titled Tuesday Blitz April 12 Late 2022"]
[White "Zhigalko, Sergei"]
[Black "Dubov, Daniil"]
[WhiteFideId "13502956"]
[BlackFideId "24126055"]
[WhiteElo "2662"]
[BlackElo "2791"]
[Result "0-1"]
[Round "11"]
[TimeControl "180+1"]
[Date "2022.04.12"]
[WhiteClock "0:00:01"]
[BlackClock "0:00:14"]

1. e4 c5 2. Nf3 d6 3. d4 cxd4 4. Qxd4 Nc6 5. Bb5 Bd7 6. Bxc6 Bxc6 7. Nc3 h6 8. Qd3 e5 9. Nd2 Nf6 10. Nc4 Be7 11. Ne3 O-O 12. O-O Re8 13. Nf5 Bf8 14. Rd1 Qd7 15. Qf3 Qe6 16. a4 Rad8 17. Ne3 Nxe4 18. Nxe4 d5 19. Ng3 d4 20. Qf5 dxe3 21. Bxe3 Qxf5 22. Nxf5 Be4 23. Rxd8 Rxd8 24. Ng3 Bxc2 25. Bxa7 Ra8 26. Bb6 Rxa4 27. Rxa4 Bxa4 28. f3 f6 29. Kf2 Kf7 30. Ne4 Bc6 31. Nc5 Bd6 32. Ke3 f5 33. Nd3 Ke6 34. Bc5 Bxc5+ 35. Nxc5+ Kd5 36. Nd3 f4+ 37. Kd2 Kd4 38. Nb4 e4 39. Nc2+ Kc4 40. fxe4 Bxe4 41. Ne1 Kb3 42. Kc1 g5 43. h3 b6 44. Kd2 Kxb2 0-1


[Site "https://www.chess.com"]

[Event "Titled Tuesday Blitz April 12 Late 2022"]
[White "Zhou, Qiyu"]
[Black "Maranhao,Jose Renato Ruiz"]
[WhiteFideId "505161"]
[BlackFideId "2135175"]
[WhiteElo "1925"]
[BlackElo "1970"]
[Result "0-1"]
[Round "11"]
[TimeControl "180+1"]
[Date "2022.04.13"]
[WhiteClock "0:00:02"]
[BlackClock "0:00:04"]

1. e4 c6 2. d4 d5 3. e5 Bf5 4. Nf3 e6 5. Be2 Ne7 6. O-O h6 7. a4 a5 8. Nbd2 Nd7 9. c4 Bh7 10. b3 Ng6 11. Re1 Bb4 12. Ba3 Qe7 13. Bxb4 Qxb4 14. Nf1 Nf4 15. c5 O-O 16. Ne3 Nxe2+ 17. Rxe2 b6 18. cxb6 Qxb6 19. Rb2 Rfc8 20. Qd2 c5 21. Re1 Rab8 22. Ng4 c4 23. Rc1 cxb3 24. h4 Rxc1+ 25. Qxc1 Bc2 26. Ne3 Be4 27. Nd2 Qxd4 28. Rxb3 Rxb3 29. Nxb3 Qxa4 30. Nd2 Nxe5 31. Qc8+ Kh7 32. Qc7 Qc6 33. Qxa5 Qc1+ 34. Kh2 Nd3 35. Nxe4 dxe4 36. Qa2 Qc5 37. Qd2 Qe5+ 38. g3 f5 39. Ng2 Qd4 40. Kg1 e5 41. Qe3 Qxe3 42. Nxe3 g6 43. Nd5 Kg7 44. Nc7 Kf6 45. Kg2 g5 46. Nd5+ Ke6 47. Ne3 f4 48. Ng4 h5 49. Nh2 g4 50. Nf1 f3+ 51. Kg1 Kd5 52. Ne3+ Ke6 53. Kf1 Nc1 54. Nc4 Nb3 55. Ne3 Nd4 56. Ke1 Ne2 57. Kf1 Nd4 58. Nc4 Nc6 59. Ne3 Ne7 60. Nc4 Nf5 61. Nb6 Kd6 62. Nc4+ Kd5 63. Nb6+ Kd4 64. Nd7 e3 65. Nf6 e2+ 66. Ke1 Kc3 67. Ne4+ Kd3 68. Nc5+ Kc4 69. Nd3 Nd4 0-1


[Site "https://www.chess.com"]

[Event "Titled Tuesday Blitz April 12 Late 2022"]
[White "profaVa"]
[Black "Cagara, Paulina"]
[BlackFideId "1124870"]
[WhiteElo "2399"]
[BlackElo "1780"]
[Result "1-0"]
[Round "11"]
[TimeControl "180+1"]
[Date "2022.04.13"]
[WhiteClock "0:00:08"]
[BlackClock "0:00:01"]

1. e4 c6 2. d4 d5 3. f3 e6 4. Nc3 Bb4 5. Bd2 dxe4 6. Nxe4 Bxd2+ 7. Qxd2 Nf6 8. O-O-O Nbd7 9. Bd3 Qc7 10. Ne2 b5 11. Rhe1 O-O 12. N2g3 a5 13. Qg5 Nd5 14. Nh5 g6 15. g3 f6 16. Qh6 Rf7 17. Nf4 Nxf4 18. gxf4 Nf8 19. h4 e5 20. dxe5 fxe5 21. Ng5 Rg7 22. Rxe5 a4 23. Re8 Bb7 24. Rxa8 Qxf4+ 25. Kb1 Bxa8 26. Be4 b4 27. Bd3 c5 28. Re1 Qg3 29. Bc4+ Kh8 30. Rc1 a3 31. Nf7+ Rxf7 32. Bxf7 Qd6 33. Qe3 Qf6 34. c3 Qxf7 35. Qxc5 axb2 36. Kxb2 bxc3+ 37. Qxc3+ 1-0